 Dungeon Crawl Stone Soup version 0.29-a0-1009-g60c99734e7 (webtiles) character file.

Game seed: 1712634638572201240

4 Manisian the Sneak (level 1, 0/9 HPs)
             Began as a Spriggan Enchanter on Aug 8, 2022.
             Slain by a ball python (2 damage)
             ... on level 1 of the Dungeon.
             The game lasted 00:00:17 (41 turns).

Manisian the Sneak (Spriggan Enchanter)               Turns: 41, Time: 00:00:18

Health: 0/9        AC:  2    Str:  4    XL:     1   Next: 58%
Magic:  5/5        EV: 17    Int: 16    God:
Gold:   0          SH:  0    Dex: 15    Spells: 5/5 levels left

rFire   . . .      SeeInvis +   a - +1 dagger
rCold   . . .      Faith    .   (no shield)
rNeg    . . .      Spirit   .   b - +0 robe
rPois   .          Reflect  .   (helmet restricted)
rElec   .          Harm     .   (no cloak)
rCorr   .          Rampage  .   (gloves unavailable)
Will    .....                   (boots unavailable)
Stlth   +++.......              (no amulet)
HPRegen 0.03/turn               (no ring)
MPRegen 0.09/turn               (no ring)

@: very quick
A: very small, no large weapons, unfitting armour, see invisible, speed 3
a: no special abilities


You were on level 1 of the Dungeon.
You visited 1 branch of the dungeon, and saw 1 of its levels.

Inventory:

Hand Weapons
 a - a +1 dagger (weapon)
Armour
 b - a +0 robe (worn)
Magical Staves
 d - a staff of earth
Potions
 c - a potion of invisibility


   Skills:
 + Level 1.1 Short Blades
 + Level 2.9 Dodging
 * Level 4.6 Stealth
 + Level 2.6 Spellcasting
 + Level 3.7 Hexes


You had 5 spell levels left.
You didn't know any spells.
Your spell library contained the following spells:

 Spells                   Type           Power      Damage    Failure   Level
 Confusing Touch          Hex            14%        N/A       12%         3
 Tukima's Dance           Hex            14%        N/A       12%         3
 Ensorcelled Hibernation  Hex/Ice        16%        N/A       14%         2
 Dazzling Flash           Conj/Hex       16%        N/A       26%         3


Dungeon Overview and Level Annotations

Branches:
Dungeon (1/15)

Altars:


Innate Abilities, Weirdness & Mutations

You are very small and have problems with some larger weapons.
You are too small for most types of armour.
You have supernaturally acute eyesight. (SInv)
You cover ground extremely quickly. (Speed+++)


Message History

You hit the goblin.
The goblin is severely wounded.
You hear an angry hiss.
The goblin misses you.
You hit the goblin.
You kill the goblin!
The ball python hisses angrily.
You hit the bat.
The bat is heavily wounded.
The bat closely misses you.
A dart slug comes into view.
The bat barely misses you.
You hit the bat.
You kill the bat!
You flicker for a moment.
A kobold and a ball python come into view.
Found 11 gold pieces and a mace.
You hit the dart slug.
The dart slug is lightly wounded.
A goblin comes into view. It is wielding a +0 dagger.
The kobold shouts!
The goblin shouts!
You hit the dart slug.
The dart slug is moderately wounded.
You flicker back into view.
The ball python hisses angrily. x2
The dart slug barely misses you. The kobold hits you but does no damage.
You hit the dart slug.
The dart slug is heavily wounded.
The quokka misses you. The dart slug launches a dart at you.
The slug dart misses you.
The slug dart hits the ball python.
The ball python dies!
The ball python closely misses you. The ball python barely misses you.
You hit the dart slug.
The dart slug is severely wounded.
The quokka bites you.
Ouch! That really hurt!
* * * LOW HITPOINT WARNING * * *
The ball python bites you.
You die...

############
##..........## #####
.............###...##
###'###.......#.....####
#8...8#..†...†..........
##.#.##..#.....>......#
#8.#.8#.###....)......#
##.#.##.# #...#†rS..#.
#8.#.8#..#...##.@.K.#
##.#.##.....##..Kw.g....
#8...8######..$......>#.
8#...#8#8#8#............
...........#..#.......#.
...<...###.+..#....#.#..
...........#..#....)....
8#...#8#8#8##.#....##.#
#8...8####


You could see a dart slug, a quokka, a goblin, a ball python and 2 kobolds.

Vanquished Creatures
  A bat (D:1)
  A goblin (D:1)
  A hobgoblin (D:1)
  A rat (D:1)
4 creatures vanquished.

Vanquished Creatures (others)
  A ball python (D:1)
1 creature vanquished.

Grand Total: 5 creatures vanquished

Notes
Turn   | Place    | Note
-------+----------+-------------------------------------------
     0 | D:1      | Manisian the Spriggan Enchanter began the quest for the
                  | Orb.
     0 | D:1      | Reached XP level 1. HP: 9/9 MP: 5/5
    41 | D:1      | Slain by a ball python

Illustrated notes

Levels and vault maps discovered:
D:1:      heliophobic_arrival_ceremonial_halls, layout_rooms, minmay_box_of_dots

Action                   || total
-------------------------++-------
Melee: Dagger            ||    12
  Use: Potion            ||     1
 Stab: Sleeping          ||     1
Armor: Robe              ||     1
Dodge: Dodged            ||     8

Table legend: (Time is in decaauts)
 A = Elapsed time spent in this place.
 B = Non-inter-level travel time spent in this place.
 C = Inter-level travel time spent in this place.
 D = Time resting spent in this place.
 E = Time spent auto-exploring this place.
 F = Levels seen in this place.
 G = Mean time per level.
                   A        B        C        D        E       F      G
               +--------+--------+--------+--------+--------+-----+--------+
         Total |     29 |     29 |      0 |      0 |      7 |   1 |   29.0 |
       Dungeon |     29 |     29 |      0 |      0 |      7 |   1 |   29.0 |
               +--------+--------+--------+--------+--------+-----+--------+

Top non-repeatable levels by time:
     D:1: 29 daAuts
